 Dungeon Crawl Stone Soup version 0.30-a0-939-gc8157cb160 (webtiles) character file.

Game seed: 14860374281807884810

1359646 dolemite99 the Pulveriser (level 27, 224/224 HPs)
             Began as a Gnoll Hunter on Mar 25, 2023.
             Was a High Priest of the Shining One.
             Escaped with the Orb
             ... and 3 runes on Mar 26, 2023!
             The game lasted 03:39:14 (124424 turns).

dolemite99 the Pulveriser (Gnoll Hunter)          Turns: 124424, Time: 03:39:15

Health: 224/224    AC: 37    Str: 19 (20) XL:     27
Magic:  37/42      EV: 20    Int: 19 (20) God:    the Shining One [*****.]
Gold:   3157       SH:  0    Dex: 17 (18) Spells: 8/65 levels left

rFire   + + +      SeeInvis +    a - +10 arbalest "Bocod" {penet, Str+3}
rCold   . . .      Faith    +    (shield currently unavailable)
rNeg    + + +      Spirit   .    c - +6 fire dragon scales {Xtahua}
rPois   .          Reflect  .    n - +2 helmet
rElec   +          Rampage  .    s - +2 cloak of the Little Devil {rElec rN+ Str+2}
rCorr   .                        l - +3 pair of gauntlets of War {Slay+5}
Will    +++..                    g - +2 pair of boots of the Accordion {+Inv Regen+ Stlth+}
Stlth   +                        G - amulet of faith
HPRegen 1.37/turn                P - ring of Zopyfiysk {Drain rElec rN+ Will+ Int+6, =R}
MPRegen 0.28/turn                y - ring of Creativity {Wiz rF+ rC+ SInv}

@: glowing, studying Staves
A: fangs 1, strong nose, distributed training, clumsy 2, low MP 1, screaming 1,
strong 1, subdued magic 1, MP-powered wands
0: Orb of Zot
}: 3/15 runes: decaying, serpentine, slimy
a: Renounce Religion, Evoke Invisibility, Divine Shield, Cleansing Flame, Summon
Divine Warrior


You escaped.
You worshipped the Shining One.
The Shining One was extremely pleased with you.
You visited 12 branches of the dungeon, and saw 55 of its levels.
You visited the Abyss 2 times.
You visited 1 ziggurat, and saw 10 of its levels.
You also visited: Volcano.

You collected 6650 gold pieces.
You spent 3493 gold pieces at shops.

Inventory:

Hand Weapons
 a - the +10 arbalest "Bocod" (weapon) {penet, Str+3}
   (You found it on level 3 of the Elven Halls)

   Str:       It affects your strength (+3).
 b - a +6 longbow of holy wrath
 w - the +4 arbalest "Yroagg" {penet, rC+}
   (You found it on level 3 of the Vaults)

   rC:        It protects you from cold.
 Z - a +5 eudemon blade of holy wrath
Armour
 c - +6 fire dragon scales (worn) {Xtahua}
 g - the +2 pair of boots of the Accordion (worn) {+Inv Regen+ Stlth+}
   (You found it on level 1 of the Vaults)

   +Inv:      It lets you turn invisible.
   Regen:     It increases your rate of health regeneration.
   Stlth:     It makes you more stealthy.
 l - the +3 pair of gauntlets of War (worn) {Slay+5}
   (You found it on level 8 of a ziggurat)

   Slay:      It affects your accuracy & damage with ranged weapons and melee
   (+5).
 n - a +2 helmet (worn)
 p - a +5 ring mail of fire resistance
 s - the +2 cloak of the Little Devil (worn) {rElec rN+ Str+2}
   (You found it on level 10 of the Dungeon)

   Str:       It affects your strength (+2).
   rElec:     It insulates you from electricity.
   rN:        It protects you from negative energy.
Magical Staves
 v - the staff of cold "Ciylayc" {rF+ rC+}
   (You found it on level 1 of the Swamp)

   [staff of cold]

   Base accuracy: +5 Base damage: 5 Base attack delay: 1.2 This weapon's minimum
   attack delay (0.6) is reached at skill level 12.
   rF:        It protects you from fire.
   rC:        It protects you from cold.
   It falls into the 'Staves' category.
   It is a one-handed weapon.
Jewellery
 f - a ring of resist corrosion
 k - the ring "Cirieng" {Ice rCorr Dex+3 Stlth+}
   (You took it off Josephina on level 1 of the Crypt)

   [ring of ice]

   It enhances your ice magic.
   Dex:       It affects your dexterity (+3).
   rF:        It makes you vulnerable to fire.
   rC:        It protects you from cold.
   rCorr:     It protects you from acid and corrosion.
   Stlth:     It makes you more stealthy.
 m - a ring of fire
 r - a ring of flight
 x - the ring "Vauzau Rowea" {rPois rN+ Str+4}
   (You took it off an ancient champion on level 3 of the Crypt)

   [ring of positive energy]

   Str:       It affects your strength (+4).
   rPois:     It protects you from poison.
   rN:        It protects you from negative energy.
 y - the ring of Creativity (right hand) {Wiz rF+ rC+ SInv}
   (You found it on level 5 of the Lair of Beasts)

   [ring of wizardry]

   It improves your spell success rate.
   rF:        It protects you from fire.
   rC:        It protects you from cold.
   SInv:      It lets you see invisible.
 A - a +4 ring of protection
 C - an amulet of reflection
 G - an amulet of faith (around neck)
 H - a ring of protection from fire
 M - a ring of protection from fire
 P - the ring of Zopyfiysk (left hand) {Drain rElec rN+ Will+ Int+6, =R}
   (You took it off a skeletal warrior on level 3 of the Crypt)

   [ring of positive energy]

   Int:       It affects your intelligence (+6).
   rElec:     It insulates you from electricity.
   rN:        It protects you from negative energy.
   Drain:     It drains your maximum health when unequipped.
   Will:      It increases your willpower.
 V - a ring of willpower
Wands
 K - a wand of digging (3)
 L - a wand of roots (15)
 X - a wand of charming (46)
Scrolls
 h - 15 scrolls of teleportation
 i - a scroll of magic mapping
 o - 3 scrolls of blinking
 D - 46 scrolls of identify {@r1}
 F - 10 scrolls of immolation
 I - 11 scrolls of vulnerability
 Q - 3 scrolls of fear
 U - 7 scrolls of amnesia
 W - 22 scrolls of poison
 Y - 7 scrolls of fog
Potions
 d - 15 potions of brilliance
 j - 16 potions of curing
 q - 6 potions of berserk rage
 t - 12 potions of might
 u - 6 potions of mutation
 B - a potion of cancellation
 E - 4 potions of haste
 N - 2 potions of heal wounds
 T - 5 potions of resistance
Miscellaneous
 e - a lightning rod (4/4)
 z - a phantom mirror
 J - a box of beasts
 O - a tin of tremorstones (inert)
 R - a phial of floods
 S - a phantom mirror


   Skills:
 + Level 20.1 Fighting
 + Level 19.6 Short Blades
 + Level 19.6 Long Blades
 + Level 19.6 Axes
 + Level 19.6 Maces & Flails
 + Level 19.6 Polearms
 + Level 21.6 Staves
 + Level 21.1 Ranged Weapons
 + Level 19.6 Throwing
 + Level 19.6 Armour
 + Level 20.1 Dodging
 + Level 19.8 Stealth
 + Level 19.6 Shields
 + Level 19.6 Unarmed Combat
 + Level 19.6 Spellcasting
 + Level 16.8 Conjurations
 + Level 16.8 Hexes
 + Level 16.8 Summonings
 + Level 16.8 Necromancy
 + Level 16.8 Translocations
 + Level 16.8 Transmutations
 + Level 16.8 Fire Magic
 + Level 16.8 Ice Magic
 + Level 16.8 Air Magic
 + Level 16.8 Earth Magic
 + Level 16.8 Poison Magic
 + Level 21.2 Invocations
 + Level 19.6 Evocations


You had 8 spell levels left.
You knew the following spells:

 Your Spells              Type           Power      Damage    Failure   Level
a - Summon Mana Viper     Hex/Summ       59%        N/A       1%          5
b - Summon Cactus Giant   Summ           29%        N/A       1%          6
c - Summon Hydra          Summ           29%        N/A       1%          7
d - Freezing Cloud        Conj/Ice/Air   29%        6-21      1%          5
e - Summon Forest         Summ/Tloc      29%        N/A       1%          5
f - Passwall              Tmut/Erth      49%        N/A       0%          2
g - Eringya's Noxious Bo  Tmut/Pois      29%        N/A       1%          6
h - Ozocubu's Armour      Ice            59%        N/A       0%          3
i - Lee's Rapid Deconstr  Erth           29%        3d15*     1%          5
j - Blink                 Tloc           100%       N/A       0%          2
k - Swiftness             Air            59%        N/A       0%          3
n - Yara's Violent Unrav  Hex/Tmut       29%        3d12      1%          5
z - Mephitic Cloud        Conj/Pois/Air  59%        N/A       0%          3

Your spell library contained the following spells:

 Spells                   Type           Power      Damage    Failure   Level
 Apportation              Tloc           100%       N/A       0%          1
 Beastly Appendage        Tmut           100%       N/A       0%          1
 Foxfire                  Conj/Fire      100%       2x1d9     0%          1
 Freeze                   Ice            100%       1d10      0%          1
 Kiss of Death            Conj/Necr      100%       2d13      0%          1
 Magic Dart               Conj           100%       1d8       0%          1
 Necrotise                Necr           100%       1d9       0%          1
 Sandblast                Erth           100%       2d20      0%          1
 Shock                    Conj/Air       100%       1d9       0%          1
 Slow                     Hex            100%       N/A       0%          1
 Summon Small Mammal      Summ           100%       N/A       0%          1
 Call Imp                 Summ           59%        N/A       0%          2
 Cigotuvi's Dreadful Rot  Necr/Pois/Air  100%       N/A       0%          2
 Ensorcelled Hibernation  Hex/Ice        100%       N/A       0%          2
 Lesser Beckoning         Tloc           100%       N/A       0%          2
 Momentum Strike          Conj/Tloc      100%       3d10      0%          2
 Poisonous Vapours        Pois/Air       100%       N/A       0%          2
 Scorch                   Fire           100%       2d10      0%          2
 Wereblood                Tmut           59%        N/A       0%          2
 Confusing Touch          Hex            59%        N/A       0%          3
 Dazzling Flash           Conj/Hex       100%       N/A       0%          3
 Frozen Ramparts          Ice            100%       1d16      0%          3
 Hailstorm                Conj/Ice       59%        3d13      0%          3
 Ignite Poison            Fire/Tmut/Pois 59%        N/A       0%          3
 Inner Flame              Hex/Fire       59%        N/A       0%          3
 Kindle Blastsparks       Fire/Tloc/Air  100%       2d18      0%          3
 Spider Form              Tmut/Pois      59%        N/A       0%          3
 Stone Arrow              Conj/Erth      100%       3d13      0%          3
 Tukima's Dance           Hex            59%        N/A       0%          3
 Airstrike                Air            29%        2d(5-21)  1%          4
 Anguish                  Hex/Necr       29%        N/A       1%          4
 Animate Armour           Summ/Erth      100%       N/A       1%          4
 Cause Fear               Hex            29%        N/A       1%          4
 Dispel Undead            Necr           59%        3d21      1%          4
 Flame Wave               Conj/Fire      59%        2d14      1%          4
 Fulminant Prism          Conj/Hex       29%        3d13      1%          4
 Ice Form                 Ice/Tmut       59%        N/A       1%          4
 Leda's Liquefaction      Hex/Erth       29%        N/A       1%          4
 Passage of Golubria      Tloc           59%        N/A       1%          4
 Petrify                  Tmut/Erth      59%        N/A       1%          4
 Sticky Flame             Conj/Fire      59%        2d7       1%          4
 Summon Ice Beast         Ice/Summ       59%        N/A       1%          4
 Summon Lightning Spire   Summ/Air       59%        N/A       1%          4
 Alistair's Intoxication  Tmut/Pois      39%        N/A       1%          5
 Blade Hands              Tmut           29%        N/A       1%          5
 Borgnjor's Vile Clutch   Necr/Erth      29%        N/A       1%          5
 Fireball                 Conj/Fire      29%        3d13      1%          5
 Irradiate                Conj/Tmut      29%        3d21      1%          5
 Iskenderun's Battlesphe  Conj           59%        2d11      1%          5
 Metabolic Englaciation   Hex/Ice        29%        N/A       1%          5
 Plasma Beam              Fire/Air       29%        2x1d46    1%          5
 Silence                  Hex/Air        29%        N/A       1%          5
 Conjure Ball Lightning   Conj/Air       29%        3x3d8     1%          6
 Iron Shot                Conj/Erth      29%        9d6       1%          6
 Simulacrum               Ice/Necr       29%        N/A       1%          6
 Statue Form              Tmut/Erth      39%        N/A       1%          6
 Dragon Form              Tmut           29%        N/A       1%          7
 Enfeeble                 Hex            29%        N/A       1%          7
 Spellforged Servitor     Conj/Summ      29%        N/A       1%          7
 Discord                  Hex            29%        N/A       14%         8
 Disjunction              Tloc           29%        N/A       14%         8
 Ignition                 Fire           29%        3d9       14%         8
 Lehudib's Crystal Spear  Conj/Erth      29%        10d8      14%         8
 Maxwell's Capacitive Co  Air            29%        ∞         14%         8
 Fire Storm               Conj/Fire      29%        8d8       89%         9
 Polar Vortex             Ice            29%        N/A       89%         9


Dungeon Overview and Level Annotations

Branches:
Dungeon (15/15)            Temple (0/1) D:6            Lair (5/5) D:9
  Swamp (4/4) Lair:3        Snake (4/4) Lair:3        Slime (5/5) Lair:5
    Orc (2/2) D:11            Elf (3/3) Orc:2        Vaults (4/5) D:13
  Crypt (3/3) Vaults:2       Tomb (0/3) Crypt:3      Depths (4/4) D:15
   Hell (visited)             Dis (0/7) Hell            Geh (0/7) Hell
    Coc (0/7) Hell            Tar (0/7) Hell            Zot (5/5) Depths:4
Volcano (visited)

Altars:
Cheibriados
Elyvilon
Hepliaklqana
Kikubaaqudgha
Makhleb
Ru
Trog
Uskayaw
Vehumet
Wu Jian
Xom
Yredelemnul
The Shining One

Shops:
D:2 [   D:8 *   D:11 *   D:15 (*   Orc:2 *((*   Elf:2 (?   Snake:3 :
Snake:4 ?   Vaults:3 (

Portals:
Hell: Depths:1 Depths:2 Depths:3 Depths:4
Pandemonium: Depths:2
Trove: D:11 (give +6 ice dragon scales)

Annotations:
Elf:2 3 runed translucent doors
Crypt:1 exclusion: door


Innate Abilities, Weirdness & Mutations

You have very sharp teeth.
Your uncanny sense of smell can sniff out nearby items.
Your experience applies equally to all skills.
You are very clumsy. (Dex -4)
Your magical capacity is low. (-10% MP)
You occasionally shout uncontrollably at your foes.
Your muscles are strong. (Str +4, Int/Dex -1)
Your spells are a little easier to cast, but a little less powerful.
You expend magic power (3 MP) to strengthen your wands.


Message History

The fire vortex dissipates!
You are engulfed in blazing flames.
You resist.
Your angel is engulfed in blazing flames.
Your angel gestures.
Your angel is healed somewhat.
Activating: Cleansing Flame (0% risk of failure)
Press: ? - help, Dir - look around, f - activate The golden flame engulfs you but does no damage.
You resist.
The golden flame engulfs the fire vortex!!!
The fire vortex dissipates!
The golden flame engulfs your angel.
Your angel completely resists.
Your angel is severely wounded.
You are engulfed in blazing flames.
You resist.
Your angel is engulfed in blazing flames.
Your angel gestures.
Your angel is healed somewhat.
Your angel is engulfed in blazing flames.
Your angel is engulfed in blazing flames.
Your angel gestures.
Your angel is healed somewhat.
Your angel is engulfed in blazing flames.
Your angel gestures.
Your angel is healed somewhat.
Your angel is engulfed in blazing flames.
Your angel gestures.
Your angel is healed somewhat.
Your angel gestures.
Your angel is healed somewhat.
Your angel gestures.
Your angel is healed somewhat.
There is an open door here.
You enter the shallow water.
Moving in this stuff is going to be slow.
Why would you want to do that?
You howl at the soul eater!
A soul eater comes into view.
There is a staircase leading out of the dungeon here.
You have escaped!

..#...............##....(#
#
)##########....#'#####'#.#
# .# #....#P.~≈~.~#.# # .#
#....#~P....P#.# # ##
#....#~P~.~.≈#.# #
######.≈≈..~P#.# # ######
#.≈P.~~P#.######## (....#
####.≈A~#......... .....#
#@..~.3~########## .....#
######### ###### ######
.....## .♣....# .P....#


You could see a soul eater (ally target) and a friendly angel (summoned).

Vanquished Creatures
  the Royal Jelly (Slime:5)
  2 ancient liches
  2 dread liches (Zot:5)
  2 orbs of fire (Zot:5)
  Josephina (Crypt:1)
  3 pandemonium lords
  3 curse toes
  Geryon (Hell)
  3 golden dragons (Zot:4)
  2 Brimstone Fiends
  A bone dragon (Depths:3)
  3 electric golems
  A doom hound (Depths:3)
  2 Tzitzimimeh
  Rupert (D:12)
  16 tentacled monstrosities
  Zenata (Crypt:1)
  A hellephant (Hell)
  Mlioglotl (Swamp:4)
  A lich (Depths:2)
  18 Orb Guardians
  2 deep elf master archers (Elf:3)
  4 quicksilver dragons
  Murray (Depths:4)
  6 ancient champions
  18 acid blobs
  7 death cobs
  2 sphinxes
  2 tentacled starspawn
  2 tengu reavers
  Kirke (D:14)
  4 shadow dragons
  9 draconian monks
  2 thorn hunters
  2 nagarajas
  8 storm dragons
  2 revenants
  9 azure jellies
  Roxanne (Elf:2)
  The ghost of Iryalus the Phalangite, an adept MfBe of Trog (Swamp:1)
  6 draconian knights
  9 rockslimes
  A fire giant (Depths:2)
  A demonspawn warmonger (Zig:9)
  3 frost giants
  4 deep elf sorcerers
  6 vault wardens
  2 curse skulls
  A balrug (Depths:3)
  5 draconian shifters
  5 draconian scorchers
  An orc warlord (Vaults:4)
  4 ghost moths
  6 deep elf elementalists (Elf:3)
  The ghost of jasper the Severer, a journeyman DsCA of Ignis (Orc:2)
  5 draconian stormcallers
  A spriggan defender (Depths:4)
  10 very ugly things
  2 draconian annihilators (Zot:4)
  10 quicksilver oozes
  10 ironbound preservers
  5 stone giants
  3 reapers (Hell)
  4 ironbound thunderhulks
  A war gargoyle (Vaults:2)
  A demonspawn blood saint (Zig:9)
  3 deep elf demonologists
  7 green draconians
  7 vampire knights
  2 putrid mouths (Depths:3)
  A bunyip (Swamp:3)
  10 dire elephants
  14 black draconians
  A bennu (Zig:10)
  4 eleionomae
  A lorocyproca (Zig:9)
  8 red draconians
  A wendigo (Hell)
  4 eidola
  9 white draconians
  2 deep elf annihilators (Elf:3)
  7 spark wasps
  16 purple draconians
  5 deep elf death magi
  3 yellow draconians (Zot:2)
  2 ettins
  An iron golem (Hell)
  A blizzard demon (Hell)
  A crystal guardian (Zig:5)
  2 deep elf high priests (Elf:3)
  The ghost of Grumblefizz the Cleaver, a journeyman DsMo of Nemelex Xobeh (Swamp:1)
  4 jiangshi
  A merfolk impaler (Depths:2)
  3 great orbs of eyes
  5 fire dragons
  10 ice dragons
  Fannar (Orc:1)
  A green death (D:15)
  6 rakshasas
  9 yaktaur captains
  Erolcha (D:12)
  A peacekeeper (Vaults:2)
  7 ironbound frosthearts
  2 salamander tyrants
  6 vault guards
  A spriggan air mage (Depths:4)
  4 catoblepae
  A spriggan skeleton (Crypt:1)
  11 hydras
  4 boulder beetles
  12 anacondas
  8 naga warriors
  10 centaur warriors
  A death knight (Crypt:1)
  8 dancing weapons
  6 deep troll shamans
  11 alligators
  5 two-headed ogres
  2 deep troll earth magi (Depths:2)
  A titan zombie (Depths:1)
  4 tengu warriors
  5 death yaks (Lair:5)
  3 thrashing horrors
  5 hell knights (Depths:2)
  13 soul eaters
  2 spriggan berserkers
  An orc high priest (Orc:1)
  7 vampire magi
  2 shock serpents (Snake:2)
  3 hell hogs (Hell)
  10 deep elf knights
  7 naga sharpshooters
  5 sun demons
  A skyshark (Lair:3)
  A wretched star (Zig:7)
  A titan skeleton (Crypt:2)
  A storm dragon zombie (Zig:10)
  6 iron trolls
  4 salamander mystics
  24 skeletal warriors
  A spark wasp zombie (Zig:6)
  A shadow wraith (Hell)
  3 swamp dragons
  35 deep trolls
  3 spriggan druids
  10 wizards
  2 flayed ghosts
  9 lindwurms
  6 deep elf archers
  7 glowing orange brains
  2 orange crystal statues
  5 bog bodies
  11 naga ritualists
  7 phantasmal warriors
  3 shadow demons
  2 spriggan simulacra
  13 ironbound convokers
  A wolf spider zombie (Crypt:3)
  A sphinx zombie (Crypt:1)
  25 deep elf pyromancers
  10 orc sorcerers (Orc:2)
  Pikel (D:7)
  11 deep elf zephyrmancers
  13 mana vipers
  4 orc knights
  5 necromancers
  5 cyclopes
  32 ugly things
  9 shining eyes
  A sphinx skeleton (Zig:6)
  A shadow dragon skeleton (Crypt:3)
  5 large abominations
  An eleionoma zombie (Crypt:1)
  25 moths of wrath
  5 toenail golems (Volcano)
  4 rust devils
  An iron dragon skeleton (Depths:3)
  6 will-o-the-wisps
  29 black mambas
  7 salamanders
  5 manticores
  2 guardian serpents
  A dire elephant zombie (Crypt:2)
  A frost giant skeleton (Zig:6)
  3 molten gargoyles (Hell)
  2 demonic crawlers
  3 eyes of devastation
  A torpor snail (Lair:2)
  A catoblepas zombie (Crypt:1)
  2 gargoyles
  10 naga magi
  12 cane toads
  9 smoke demons
  10 vault sentinels
  A fire giant skeleton (Crypt:2)
  A storm dragon simulacrum (Depths:1)
  A rime drake (shapeshifter) (D:14)
  A steelbarb worm zombie (Crypt:2)
  2 orange demons
  A dire elephant skeleton (Crypt:1)
  A death yak zombie (Crypt:2)
  An elephant slug zombie (Crypt:3)
  An unseen horror (D:13)
  An efreet (D:4)
  A hellion (Zot:5)
  4 tormentors
  32 yaktaurs
  3 kobold demonologists (D:11)
  3 rime drakes
  A golden dragon simulacrum (Depths:1)
  2 ice devils
  5 guardian mummies
  2 ancient zymes (Zig:7)
  A mana viper zombie (Crypt:1)
  3 freezing wraiths
  7 trolls
  A meliai (D:13)
  7 tyrant leeches
  A death yak skeleton (Crypt:3)
  A hellwing (Zig:9)
  An ettin zombie (Crypt:1)
  5 bloated husks
  14 hornets
  A raiju (Abyss:2)
  A shadow dragon simulacrum (Crypt:2)
  Prince Ribbit (D:7)
  16 blink frogs
  A satyr zombie (Crypt:2)
  10 dream sheep
  97 slime creatures
  A fire dragon skeleton (Crypt:3)
  A centaur simulacrum (Crypt:2)
  11 flying skulls
  19 spriggans
  A vampire (D:13)
  4 shadows
  5 wyverns
  2 air elementals
  7 water elementals
  8 nameless horrors
  64 yaks
  A black mamba skeleton (Crypt:1)
  A human (D:14)
  5 basilisks
  2 wraiths
  A dire elephant simulacrum (Hell)
  10 golden eyes (Slime:4)
  4 hogs (D:14)
  2 fire bats (Abyss:2)
  3 fire elementals
  3 swamp worm simulacra (Swamp:4)
  2 steam dragons
  13 vampire mosquitoes
  A neqoxec (Zig:7)
  9 swamp worms
  A two-headed ogre zombie (Crypt:1)
  11 wargs
  19 nagas
  2 acid dragons
  A deep troll zombie (Crypt:3)
  13 water moccasins
  A hell hound (Abyss:2)
  A floating eye (Zig:1)
  A demonspawn skeleton (Crypt:1)
  10 hydra simulacra (Swamp:4)
  A naga skeleton (Crypt:2)
  4 swamp drakes
  2 ice beasts
  18 orc warriors
  A cane toad skeleton (Crypt:1)
  A black bear (D:7)
  A sky beast (D:7)
  A hornet zombie (Crypt:1)
  A tengu (D:8)
  3 boggarts (Vaults:3)
  17 wolves
  6 ogres
  11 centaurs
  5 kobold brigands
  2 lemures
  6 bullfrogs
  4 scorpions
  2 gnoll sergeants
  2 earth elementals
  A naga simulacrum (Hell)
  A water moccasin zombie (Crypt:3)
  12 wights
  An ogre simulacrum (Vaults:2)
  A warg zombie (Crypt:2)
  2 killer bees (D:11)
  An electric eel (Lair:3)
  A crimson imp (Orc:1)
  A lava snake (Snake:2)
  A basilisk zombie (Crypt:1)
  A jelly (D:7)
  17 orc priests
  A gnoll bouda (D:8)
  3 hounds
  Crazy Yiuf (D:7)
  An iron imp (Orc:1)
  A sleepcap (D:5)
  8 starcursed masses
  A human skeleton (Crypt:1)
  Natasha (thrice) (D:2)
  A boggart zombie (Crypt:3)
  41 orc wizards
  A tengu skeleton (Crypt:2)
  6 mummies (Zig:10)
  A howler monkey skeleton (Crypt:2)
  10 adders
  11 gnolls
  2 shadow imps
  4 white imps
  2 ufetubi
  3 swamp drake simulacra (Swamp:4)
  2 worms
  A dart slug (D:1)
  84 orcs
  6 endoplasms
  2 giant cockroaches
  8 goblins
  9 hobgoblins
  8 jackals
  28 kobolds
  3 quokkas
  9 ball pythons
  2 bats
  3 frilled lizards (D:1)
  A gnoll skeleton (Crypt:2)
  2 rats
  3 fire vortices (D:1)
  2 starspawn tentacles (Vaults:2)
1874 creatures vanquished.

Vanquished Creatures (collateral kills)
  A dread lich (Zot:5)
  3 ancient liches
  Mennas (Depths:3)
  4 Killer Klowns
  Parghit (Zot:1)
  Xtahua (Depths:3)
  2 curse toes
  5 golden dragons
  A profane servitor (Zig:2)
  A Tzitzimitl (Depths:3)
  4 tentacled monstrosities
  2 quicksilver dragons
  A titan (Depths:2)
  5 liches
  Grunn (Depths:3)
  10 Orb Guardians
  A walking divine tome (Depths:2)
  7 acid blobs
  2 deep elf blademasters (Elf:3)
  Asterion (Elf:3)
  The ghost of patfeehan111222 the Severer, an adept MiBe of Trog (Snake:2)
  3 ancient champions (Crypt:3)
  5 death cobs
  A sphinx (Depths:2)
  A shadow dragon (Depths:4)
  3 storm dragons
  A revenant (Abyss:2)
  A draconian monk (Zot:2)
  Agnes (Elf:2)
  A tengu reaver (Depths:2)
  2 azure jellies
  3 rockslimes
  The ghost of Voejil the Executioner, a journeyman MiFi of Okawaru (Swamp:1)
  Donald (Crypt:2)
  2 draconian knights
  3 nagarajas (Snake:4)
  7 fire giants
  3 vault wardens
  A deep elf sorcerer (Elf:3)
  A balrug (Zig:9)
  A frost giant (Depths:2)
  5 draconian shifters
  A draconian annihilator (Zot:4)
  An iron dragon (Hell)
  2 deep elf elementalists (Elf:3)
  5 quicksilver oozes
  2 reapers (Crypt:2)
  A war gargoyle (Vaults:2)
  5 stone giants (Depths:2)
  10 very ugly things
  An ironbound thunderhulk (Vaults:1)
  4 green draconians
  A putrid mouth (Depths:3)
  A vampire knight (Depths:1)
  3 black draconians
  2 deep elf demonologists
  4 red draconians
  4 yellow draconians
  4 purple draconians
  3 white draconians
  A deep elf annihilator (Elf:3)
  10 dire elephants
  2 ettins
  2 mummy priests
  A deep elf death mage (Elf:3)
  2 green deaths (Snake:3)
  2 iron golems (Hell)
  A yaktaur captain (Depths:4)
  2 crystal guardians (Vaults:1)
  2 eidola
  5 fire dragons
  2 rakshasas
  3 vault guards
  4 hydras
  5 great orbs of eyes
  7 ice dragons
  A peacekeeper (Vaults:1)
  An ironbound frostheart (Vaults:4)
  A juggernaut simulacrum (Depths:2)
  3 alligators
  4 anacondas
  4 dancing weapons
  A death knight (Crypt:3)
  A centaur warrior (Vaults:4)
  A vampire mage (Depths:1)
  6 deep troll shamans
  6 naga warriors
  3 deep troll earth magi
  2 orc high priests
  2 thrashing horrors
  5 tengu warriors
  A shock serpent (Snake:4)
  A spriggan berserker (Depths:2)
  8 deep elf knights
  A soul eater (Hell)
  3 naga sharpshooters
  2 hell knights (Depths:2)
  5 iron trolls
  2 salamander mystics (Snake:4)
  A sixfirhy (D:9)
  2 skeletal warriors (Crypt:3)
  2 shadow wraiths (Crypt:3)
  A goliath frog (Swamp:2)
  A glowing orange brain (Zig:5)
  10 deep trolls
  A bog body (Swamp:3)
  A spriggan druid (Swamp:4)
  4 lindwurms
  2 naga ritualists
  2 swamp dragons (Swamp:3)
  8 deep elf archers
  5 ironbound convokers
  3 wizards
  A spriggan simulacrum (Crypt:3)
  An orc knight (Vaults:4)
  A mana viper (Snake:3)
  7 deep elf pyromancers
  7 deep elf zephyrmancers
  A fire giant zombie (Crypt:3)
  16 ugly things
  A cyclops (D:15)
  An orc sorcerer (Zig:4)
  5 salamanders
  5 moths of wrath
  9 black mambas
  A guardian serpent (Snake:4)
  A rust devil (Hell)
  3 vault sentinels
  A guardian serpent (shapeshifter) (D:15)
  2 smoke demons
  6 naga magi
  A molten gargoyle (Hell)
  2 centaur skeletons
  3 freezing wraiths (Swamp:4)
  2 hellions (Hell)
  An ice devil (Hell)
  6 guardian mummies
  3 tengu conjurers
  A hellwing (Zig:9)
  3 raiju
  3 hornets
  43 slime creatures
  A blink frog (Lair:3)
  A flying skull (Zig:10)
  4 spriggans
  2 large abominations (Zig:5)
  An ushabti (Zig:6)
  5 small abominations (Abyss:2)
  3 yaks
  2 wraiths
  A fire elemental (Elf:3)
  4 fire bats (Abyss:2)
  A swamp worm simulacrum (Swamp:4)
  A neqoxec (Zig:7)
  A swamp worm (Swamp:3)
  A warg (Elf:1)
  12 nagas
  4 hydra simulacra (Swamp:4)
  A glowing shapeshifter zombie (Crypt:2)
  4 nameless horrors
  Duvessa (D:7)
  A swamp drake (Swamp:1)
  3 orc warriors
  A black bear (shapeshifter) (Abyss:2)
  2 wolves (Lair:1)
  An ogre (Zig:4)
  A boggart (Vaults:3)
  A centaur (D:15)
  10 starcursed masses
  2 kobold brigands (D:7)
  A draconian skeleton (Crypt:3)
  A scorpion (D:7)
  Dowan (D:7)
  A killer bee (D:11)
  3 orc priests
  6 mummies (Zig:6)
  2 white imps
  A swamp drake simulacrum (Swamp:4)
  6 orcs
  8 kobolds (D:7)
  A rat zombie (Crypt:3)
  2 starspawn tentacles (Zig:7)
556 creatures vanquished.

Vanquished Creatures (others)
  A doom hound (Depths:3)
  A storm dragon (Zot:4)
  A nagaraja (Snake:4)
  An eleionoma (Swamp:4)
  A yellow draconian (Zot:2)
  A deep elf demonologist (Elf:3)
  A red draconian (Zot:5)
  A white draconian (Zot:2)
  A great orb of eyes (Slime:5)
  A mummy priest (Crypt:3)
  A swamp dragon (Swamp:4)
  A tengu zombie (Depths:3)
  2 deep elf zephyrmancers (Elf:2)
  Maggie (D:7)
  A raiju (Zig:5)
  A glowing shapeshifter zombie (Depths:3)
  A water moccasin (Lair:3)
  A black bear (D:9)
  A wight (D:9)
  2 orcs (Orc:1)
  16 foxfires
  20 fungi
  39 plants
  16 snaplasher vines
  6 starspawn tentacles
  8 toadstools (Swamp:3)
127 creatures vanquished.

Grand Total: 2557 creatures vanquished

Notes
Turn   | Place    | Note
-------+----------+-------------------------------------------
     0 | D:1      | dolemite99 the Gnoll Hunter began the quest for the Orb.
     0 | D:1      | Reached XP level 1. HP: 20/20 MP: 1/1
   215 | D:1      | Reached XP level 2. HP: 26/26 MP: 2/2
   511 | D:2      | Reached XP level 3. HP: 30/31 MP: 3/3
   521 | D:2      | Reached skill level 1 in Invocations
   624 | D:2      | Reached skill level 1 in Short Blades
   624 | D:2      | Reached skill level 1 in Long Blades
   624 | D:2      | Reached skill level 1 in Axes
   624 | D:2      | Reached skill level 1 in Maces & Flails
   624 | D:2      | Reached skill level 1 in Polearms
   624 | D:2      | Reached skill level 1 in Staves
   624 | D:2      | Reached skill level 1 in Throwing
   624 | D:2      | Reached skill level 1 in Armour
   624 | D:2      | Reached skill level 1 in Shields
   624 | D:2      | Reached skill level 1 in Unarmed Combat
   624 | D:2      | Reached skill level 1 in Spellcasting
   624 | D:2      | Reached skill level 1 in Evocations
   737 | D:2      | Reached XP level 4. HP: 38/38 MP: 5/5
  1047 | D:2      | Noticed Natasha
  1077 | D:2      | Killed Natasha
  1078 | D:2      | Reached skill level 1 in Conjurations
  1078 | D:2      | Reached skill level 1 in Hexes
  1078 | D:2      | Reached skill level 1 in Summonings
  1078 | D:2      | Reached skill level 1 in Necromancy
  1078 | D:2      | Reached skill level 1 in Translocations
  1078 | D:2      | Reached skill level 1 in Transmutations
  1078 | D:2      | Reached skill level 1 in Fire Magic
  1078 | D:2      | Reached skill level 1 in Ice Magic
  1078 | D:2      | Reached skill level 1 in Air Magic
  1078 | D:2      | Reached skill level 1 in Earth Magic
  1078 | D:2      | Reached skill level 1 in Poison Magic
  1136 | D:2      | Noticed Natasha
  1140 | D:2      | Killed Natasha
  1141 | D:2      | Reached XP level 5. HP: 43/43 MP: 5/7
  1256 | D:2      | Noticed Natasha
  1262 | D:2      | Killed Natasha
  1565 | D:1      | Found a faded altar of an unknown god.
  1841 | D:2      | Found Gimej's Armour Emporium.
  2882 | D:4      | Reached skill level 5 in Fighting
  2882 | D:4      | Reached skill level 5 in Dodging
  2882 | D:4      | Reached XP level 6. HP: 51/51 MP: 7/9
  2975 | D:5      | Entered Level 5 of the Dungeon
  3655 | D:6      | Noticed an orc warrior
  3932 | D:4      | Reached XP level 7. HP: 56/56 MP: 10/10
  3967 | D:4      | Found a white marble altar of Elyvilon.
  3972 | D:4      | Became a worshipper of Elyvilon the Healer
  4030 | D:4      | You fall into a shaft and drop 2 floors!
  4242 | D:7      | Noticed Pikel
  4276 | D:8      | Found a glowing golden altar of the Shining One.
  4430 | D:8      | Fell from the grace of Elyvilon
  4430 | D:8      | Became a worshipper of the Shining One
  4734 | D:8      | Found a burning altar of Makhleb.
  5032 | D:7      | Reached XP level 8. HP: 52/63 MP: 12/12
  5171 | D:7      | Noticed Maggie
  5175 | D:7      | Noticed Duvessa
  5178 | D:7      | Noticed Dowan
  5179 | D:7      | Gained mutation: You expend magic power (3 MP) to
                  | strengthen your wands. [potion of mutation]
  5179 | D:7      | Gained mutation: You possess an exceptional clarity of
                  | mind. [potion of mutation]
  5179 | D:7      | Gained mutation: Your magical capacity is low. (-10% MP)
                  | [potion of mutation]
  5184 | D:7      | Killed Duvessa
  5185 | D:7      | Killed Dowan
  5205 | D:7      | Your ally Maggie died
  5609 | D:7      | Killed Pikel
  5610 | D:7      | Reached XP level 9. HP: 66/69 MP: 13/13
  6037 | D:6      | Reached skill level 5 in Stealth
  6310 | D:6      | Reached * piety under the Shining One
  6547 | D:6      | Found a staircase to the Ecumenical Temple.
  6953 | D:6      | Reached skill level 5 in Invocations
  7362 | D:4      | Identified the +0 pair of boots of the Locust {rN+ Slay+3}
  7613 | D:4      | Found a hide-covered altar of Uskayaw.
  9442 | D:7      | Noticed Prince Ribbit
  9454 | D:7      | Killed Prince Ribbit
  9500 | D:7      | Found a runed translucent door.
  9502 | D:7      | Noticed Crazy Yiuf
  9508 | D:7      | Killed Crazy Yiuf
 10154 | D:8      | Reached skill level 5 in Short Blades
 10154 | D:8      | Reached skill level 5 in Long Blades
 10154 | D:8      | Reached skill level 5 in Axes
 10154 | D:8      | Reached skill level 5 in Maces & Flails
 10154 | D:8      | Reached skill level 5 in Polearms
 10154 | D:8      | Reached skill level 5 in Staves
 10154 | D:8      | Reached skill level 5 in Throwing
 10154 | D:8      | Reached skill level 5 in Armour
 10154 | D:8      | Reached skill level 5 in Shields
 10154 | D:8      | Reached skill level 5 in Unarmed Combat
 10154 | D:8      | Reached skill level 5 in Spellcasting
 10154 | D:8      | Reached skill level 5 in Evocations
 10154 | D:8      | Reached XP level 10. HP: 77/77 MP: 15/15
 10190 | D:8      | Reached skill level 10 in Ranged Weapons
 10278 | D:8      | Found a bloodstained altar of Trog.
 10540 | D:8      | Found Zeiladao's General Store.
 10548 | D:8      | Bought a potion of heal wounds for 80 gold pieces
 10548 | D:8      | Bought a potion of heal wounds for 80 gold pieces
 10548 | D:8      | Bought a scroll of teleportation for 48 gold pieces
 10548 | D:8      | Bought a scroll of identify for 32 gold pieces
 10548 | D:8      | Bought a scroll of poison for 64 gold pieces
 10863 | D:9      | Noticed a skeletal warrior
 10863 | D:9      | Noticed a skeletal warrior
 10865 | D:9      | Noticed a skeletal warrior
 11007 | D:8      | Killed a skeletal warrior
 11239 | D:9      | Noticed a skeletal warrior
 11240 | D:9      | Killed a skeletal warrior
 11795 | D:9      | Killed a skeletal warrior
 12673 | D:8      | Learned a level 3 spell: Ozocubu's Armour
 12677 | D:8      | Learned a level 3 spell: Frozen Ramparts
 12680 | D:8      | Learned a level 2 spell: Passwall
 12870 | D:8      | Reached skill level 5 in Conjurations
 12870 | D:8      | Reached skill level 5 in Hexes
 12870 | D:8      | Reached skill level 5 in Summonings
 12870 | D:8      | Reached skill level 5 in Necromancy
 12870 | D:8      | Reached skill level 5 in Translocations
 12870 | D:8      | Reached skill level 5 in Transmutations
 12870 | D:8      | Reached skill level 5 in Fire Magic
 12870 | D:8      | Reached skill level 5 in Ice Magic
 12870 | D:8      | Reached skill level 5 in Air Magic
 12870 | D:8      | Reached skill level 5 in Earth Magic
 12870 | D:8      | Reached skill level 5 in Poison Magic
 13081 | D:9      | Reached XP level 11. HP: 84/85 MP: 18/18
 13465 | D:9      | Found a staircase to the Lair.
 13632 | D:10     | Entered Level 10 of the Dungeon
 13663 | D:10     | Identified the +2 cloak of the Little Devil {rElec rN+
                  | Str+2}
 13702 | D:10     | Reached ** piety under the Shining One
 13800 | D:10     | Noticed a two-headed ogre
 13808 | D:10     | Killed a two-headed ogre
 13868 | D:10     | Found a basalt altar of Yredelemnul.
 13868 | D:10     | Found a sacrificial altar of Ru.
 13998 | D:10     | Noticed a two-headed ogre
 14005 | D:10     | Killed a two-headed ogre
 14073 | D:10     | Found a snail-covered altar of Cheibriados.
 14073 | D:10     | Found a hazy altar of Hepliaklqana.
 14227 | D:10     | Noticed a two-headed ogre
 14231 | D:10     | Killed a two-headed ogre
 14591 | D:11     | Noticed a manticore
 14601 | D:11     | Killed a manticore
 14612 | D:11     | Noticed a cyclops
 14964 | D:10     | Killed a cyclops
 15115 | D:10     | Reached *** piety under the Shining One
 15318 | D:10     | Reached XP level 12. HP: 86/94 MP: 20/20
 16278 | Lair:1   | Entered Level 1 of the Lair of Beasts
 16530 | Lair:1   | You fall into a shaft and drop 1 floor!
 16573 | Lair:2   | Identified the +4 dire flail of Dissolution {speed, Fragile
                  | rF+++ rN+++ Str-2}
 16574 | Lair:2   | Noticed a catoblepas
 16596 | Lair:2   | Killed a catoblepas
 16654 | Lair:2   | Learned a level 4 spell: Ice Form
 17236 | Lair:2   | Noticed a five-headed hydra
 17259 | Lair:2   | Killed a five-headed hydra
 17572 | Lair:2   | Found the +8 Wrath of Trog {antimagic, *Rage Rampage}
 17577 | Lair:2   | Identified the ring of Mistrust {Fire Drain rPois rN++
                  | Str+3}
 17901 | Lair:2   | Noticed a four-headed hydra
 17906 | Lair:2   | Killed a four-headed hydra
 18057 | Lair:2   | Noticed a seven-headed hydra
 18069 | Lair:2   | Killed a seven-headed hydra
 18228 | Lair:2   | Learned a level 4 spell: Summon Ice Beast
 18419 | Lair:3   | Found a frozen archway.
 19401 | Lair:2   | Reached XP level 13. HP: 101/101 MP: 22/22
 20002 | Lair:3   | Found a staircase to the Snake Pit.
 20044 | Lair:3   | Found a staircase to the Swamp.
 21795 | Lair:5   | Entered Level 5 of the Lair of Beasts
 22325 | D:11     | Reached skill level 10 in Fighting
 22325 | D:11     | Reached skill level 10 in Dodging
 22361 | D:11     | Found a staircase to the Orcish Mines.
 22503 | D:11     | Reached **** piety under the Shining One
 22544 | D:11     | Learned a level 2 spell: Poisonous Vapours
 22584 | D:11     | Found Xiraluaz's General Store.
 22625 | D:11     | Bought a scroll of fear for 40 gold pieces
 22719 | D:11     | Found a portal to a secret trove of treasure.
 23080 | D:12     | Noticed Erolcha
 23082 | Abyss:1  | Cast into level 1 of the Abyss (Erolcha)
 23093 | Abyss:1  | Found a corrupted altar of Lugonu.
 23097 | D:12     | Escaped the Abyss
 23101 | D:12     | Killed Erolcha
 23132 | D:12     | Noticed Rupert
 23149 | D:12     | Killed Rupert
 23265 | D:12     | Reached skill level 10 in Invocations
 23265 | D:12     | Reached XP level 14. HP: 110/110 MP: 24/24
 24190 | D:13     | Identified the +5 chain mail of Zod Pug {Str+6 Dex-5}
 25008 | D:4      | Learned a level 3 spell: Mephitic Cloud
 26162 | Lair:5   | Found a staircase to the Slime Pits.
 26402 | Lair:5   | Reached skill level 10 in Stealth
 27296 | Lair:5   | Identified the ring of Creativity {Wiz rF+ rC+ SInv}
 28543 | Lair:5   | Reached skill level 10 in Short Blades
 28543 | Lair:5   | Reached skill level 10 in Long Blades
 28543 | Lair:5   | Reached skill level 10 in Axes
 28543 | Lair:5   | Reached skill level 10 in Maces & Flails
 28543 | Lair:5   | Reached skill level 10 in Polearms
 28543 | Lair:5   | Reached skill level 10 in Staves
 28543 | Lair:5   | Reached skill level 10 in Throwing
 28543 | Lair:5   | Reached skill level 10 in Armour
 28543 | Lair:5   | Reached skill level 10 in Shields
 28543 | Lair:5   | Reached skill level 10 in Unarmed Combat
 28543 | Lair:5   | Reached skill level 10 in Spellcasting
 28543 | Lair:5   | Reached skill level 10 in Evocations
 28730 | Lair:5   | Identified the +8 plate armour of Luwel {+Inv rC+ Str-4
                  | Int+4}
 29013 | Orc:1    | Entered Level 1 of the Orcish Mines
 29310 | Orc:1    | Noticed Fannar
 29316 | Orc:1    | Killed Fannar
 29317 | Orc:1    | Reached XP level 15. HP: 109/118 MP: 22/26
 29693 | Orc:2    | Entered Level 2 of the Orcish Mines
 29912 | Orc:2    | Noticed Nessos
 29920 | Orc:2    | Nessos changed into Nessos the yak
 29920 | Orc:2    | Noticed Nessos
 29921 | Orc:2    | Killed Nessos the yak
 30080 | Orc:2    | Found a runed translucent gate.
 30087 | Orc:2    | Found a runed translucent gate.
 30093 | Orc:2    | Found a runed translucent gate.
 30093 | Orc:2    | Noticed jasper's ghost (journeyman DsCA)
 30112 | Orc:2    | Found a staircase to the Elven Halls.
 30147 | Orc:2    | Reached ***** piety under the Shining One
 30332 | Orc:2    | Found a dark tunnel.
 30343 | Volcano  | Entered a volcano
 30817 | Orc:2    | Found Epaigaof's Assorted Antiques.
 30817 | Orc:2    | Found Guhualimu's Weapon Emporium.
 30853 | Orc:2    | Paralysed by an orc sorcerer for 3 turns
 31173 | Orc:2    | Found Tywkuaqyc's Assorted Antiques.
 31173 | Orc:2    | Found Boukhlen's Weapon Boutique.
 31181 | Orc:2    | Bought a scroll labelled ULA ZIXZOTUP for 36 gold pieces
 31183 | Orc:2    | Bought a small glass ring for 180 gold pieces
 31188 | Orc:2    | Bought a potion of berserk rage for 180 gold pieces
 31349 | Orc:2    | Killed jasper's ghost
 31602 | Orc:2    | Bought a wand of acid (4) for 403 gold pieces
 31602 | Orc:2    | Bought a glowing scimitar for 168 gold pieces
 31610 | Orc:2    | Learned a level 4 spell: Summon Lightning Spire
 31804 | D:13     | Found a gate to the Vaults.
 32576 | D:14     | Noticed Kirke
 32586 | D:14     | Killed Kirke
 33108 | D:15     | Entered Level 15 of the Dungeon
 33606 | D:15     | Reached XP level 16. HP: 118/127 MP: 15/27
 33925 | D:15     | Found Potsannoi's Fire Supplies.
 33941 | D:15     | Bought the Handbook of Causimancy for 630 gold pieces
 33945 | D:15     | Learned a level 3 spell: Ignite Poison
 33977 | D:15     | Found Siep's Antique Weapon Shop.
 34490 | D:15     | Found a staircase to the Depths.
 34985 | Swamp:1  | Entered Level 1 of the Swamp
 35447 | Swamp:1  | Identified the staff of cold "Ciylayc" {rF+ rC+}
 35592 | Swamp:1  | Found a runed translucent gate.
 35593 | Swamp:1  | Found a runed translucent gate.
 35594 | Swamp:1  | Found a runed translucent gate.
 35595 | Swamp:1  | Noticed Grumblefizz's ghost (journeyman DsMo)
 35595 | Swamp:1  | Noticed Iryalus's ghost (adept MfBe)
 35596 | Swamp:1  | Noticed Voejil's ghost (journeyman MiFi)
 35644 | Swamp:1  | Noticed a thorn hunter
 35650 | Swamp:1  | Noticed a tentacled monstrosity
 35651 | Swamp:1  | Killed a thorn hunter
 35670 | Swamp:1  | Killed a tentacled monstrosity
 36159 | Swamp:1  | Reached ****** piety under the Shining One
 36771 | Swamp:2  | Identified a +3 longbow of holy wrath (a +1 longbow blessed
                  | by the Shining One)
 36771 | Swamp:2  | Received a gift from the Shining One
 36868 | Swamp:2  | Noticed a tentacled monstrosity
 36880 | Swamp:2  | Killed a tentacled monstrosity
 38744 | Swamp:3  | Identified the +4 great mace of Naopiw {vamp, rC+ Str+3
                  | Int+3}
 39208 | Swamp:3  | Noticed a thorn hunter
 39217 | Swamp:3  | Killed a thorn hunter
 39494 | Swamp:3  | Reached XP level 17. HP: 130/135 MP: 25/29
 39594 | Swamp:3  | Found an ancient bone altar of Kikubaaqudgha.
 40260 | Depths:1 | Entered Level 1 of the Depths
 40260 | Depths:1 | Found a gateway to Hell.
 40488 | Swamp:4  | Entered Level 4 of the Swamp
 40494 | Swamp:4  | Reached skill level 10 in Conjurations
 40494 | Swamp:4  | Reached skill level 10 in Hexes
 40494 | Swamp:4  | Reached skill level 10 in Summonings
 40494 | Swamp:4  | Reached skill level 10 in Necromancy
 40494 | Swamp:4  | Reached skill level 10 in Translocations
 40494 | Swamp:4  | Reached skill level 10 in Transmutations
 40494 | Swamp:4  | Reached skill level 10 in Fire Magic
 40494 | Swamp:4  | Reached skill level 10 in Ice Magic
 40494 | Swamp:4  | Reached skill level 10 in Air Magic
 40494 | Swamp:4  | Reached skill level 10 in Earth Magic
 40494 | Swamp:4  | Reached skill level 10 in Poison Magic
 41211 | Swamp:4  | Noticed Mlioglotl
 41224 | Swamp:4  | Killed Mlioglotl
 42011 | Swamp:4  | Got a decaying rune of Zot
 42303 | Orc:2    | Bought a scroll of poison for 96 gold pieces
 42420 | Vaults:1 | Entered Level 1 of the Vaults
 43935 | Vaults:1 | Identified the +2 pair of boots of the Accordion {+Inv
                  | Regen+ Stlth+}
 46220 | Vaults:1 | Reached XP level 18. HP: 143/143 MP: 22/31
 46889 | Vaults:2 | Reached skill level 15 in Ranged Weapons
 48908 | Abyss:2  | Cast into level 2 of the Abyss (a wizard)
 49054 | Abyss:2  | Noticed a Hell Sentinel
 49255 | Abyss:2  | Noticed a lich
 49260 | Abyss:2  | Killed a lich
 49317 | Vaults:2 | Escaped the Abyss
 49432 | Vaults:2 | Found a staircase to the Crypt.
 49432 | Vaults:2 | Found an ancient bone altar of Kikubaaqudgha.
 50090 | Vaults:2 | Found a basalt altar of Yredelemnul.
 50394 | Elf:1    | Entered Level 1 of the Elven Halls
 50613 | Elf:1    | Reached XP level 19. HP: 98/151 MP: 14/32
 51782 | Elf:1    | Learned a level 5 spell: Lee's Rapid Deconstruction
 51828 | Elf:1    | Learned a level 6 spell: Summon Cactus Giant
 52521 | Elf:2    | Found a runed translucent gate.
 52526 | Elf:2    | Found a runed translucent gate.
 52548 | Elf:2    | Found a runed translucent gate.
 52619 | Elf:2    | Found Hevvod's Magic Scroll Shoppe.
 52625 | Elf:2    | Bought a scroll of blinking for 120 gold pieces
 52625 | Elf:2    | Bought a scroll of fog for 64 gold pieces
 52625 | Elf:2    | Bought a scroll of poison for 64 gold pieces
 52625 | Elf:2    | Bought a scroll of poison for 64 gold pieces
 52625 | Elf:2    | Bought a scroll of magic mapping for 120 gold pieces
 52625 | Elf:2    | Bought a scroll of enchant weapon for 120 gold pieces
 52758 | Elf:2    | Noticed Agnes
 52775 | Elf:2    | Killed Agnes
 52964 | Elf:2    | Noticed a Brimstone Fiend
 53258 | Elf:2    | Noticed Roxanne
 53280 | Elf:2    | Killed Roxanne
 53683 | Elf:2    | Found Aloarph's Weapon Shop.
 54446 | Snake:1  | Entered Level 1 of the Snake Pit
 54934 | Snake:1  | You fall into a shaft and drop 1 floor!
 55465 | Snake:2  | Found a large runed translucent door.
 55465 | Snake:2  | Found a large runed translucent door.
 55469 | Snake:2  | Noticed patfeehan111222's ghost (adept MiBe)
 55965 | Snake:2  | Reached skill level 15 in Invocations
 56121 | Snake:2  | Found a transporter.
 56131 | Snake:2  | Found a transporter.
 56622 | Snake:2  | Reached XP level 20. HP: 159/160 MP: 34/34
 56797 | Snake:3  | Found Vunwem's Book Shoppe.
 56805 | Snake:3  | Bought a book of Spatial Translocations for 342 gold pieces
 56808 | Snake:3  | Learned a level 2 spell: Blink
 56828 | Snake:3  | Found a runed translucent door.
 57234 | Snake:4  | Entered Level 4 of the Snake Pit
 57240 | Snake:4  | Found Tailyit's Magic Scroll Shoppe.
 57520 | Snake:4  | Bought a scroll of blinking for 90 gold pieces
 57520 | Snake:4  | Bought a scroll of fear for 48 gold pieces
 59363 | Snake:4  | Got a serpentine rune of Zot
 60350 | Vaults:3 | Reached skill level 15 in Fighting
 60350 | Vaults:3 | Reached skill level 15 in Dodging
 61171 | Vaults:3 | Found Boetaxou's Weapon Shoppe.
 61241 | Vaults:3 | Identified the +4 arbalest "Yroagg" {penet, rC+}
 61807 | Vaults:3 | Reached XP level 21. HP: 168/168 MP: 13/35
 63807 | Vaults:4 | Reached skill level 15 in Stealth
 65661 | Vaults:4 | Reached skill level 15 in Short Blades
 65661 | Vaults:4 | Reached skill level 15 in Long Blades
 65661 | Vaults:4 | Reached skill level 15 in Axes
 65661 | Vaults:4 | Reached skill level 15 in Maces & Flails
 65661 | Vaults:4 | Reached skill level 15 in Polearms
 65661 | Vaults:4 | Reached skill level 15 in Staves
 65661 | Vaults:4 | Reached skill level 15 in Throwing
 65661 | Vaults:4 | Reached skill level 15 in Armour
 65661 | Vaults:4 | Reached skill level 15 in Shields
 65661 | Vaults:4 | Reached skill level 15 in Unarmed Combat
 65661 | Vaults:4 | Reached skill level 15 in Spellcasting
 65661 | Vaults:4 | Reached skill level 15 in Evocations
 66559 | Crypt:1  | Entered Level 1 of the Crypt
 66920 | Crypt:1  | Noticed Zenata
 67639 | Crypt:1  | HP: 7/170 [+0 trident of freezing[Zenata] (3)]
 67639 | Crypt:1  | The Shining One protects you from harm!
 67995 | Crypt:1  | Killed Zenata
 69187 | Crypt:2  | Got Macs's Thoughts on Company and the Mantle
 69377 | Crypt:2  | Identified the ring "Cirieng" {Ice rCorr Dex+3 Stlth+}
 69377 | Crypt:2  | Noticed Josephina
 69391 | Crypt:1  | Killed Josephina
 69614 | Crypt:2  | Reached XP level 22. HP: 159/177 MP: 29/37
 69871 | Crypt:2  | Noticed Donald
 69880 | Crypt:2  | Killed Donald
 70193 | Crypt:3  | Entered Level 3 of the Crypt
 70224 | Crypt:3  | Found a magical portal.
 70400 | Crypt:3  | Identified the ring of Zopyfiysk {Drain rElec rN+ Will+
                  | Int+6}
 70406 | Crypt:3  | Identified the ring "Vauzau Rowea" {rPois rN+ Str+4}
 70920 | Crypt:3  | Noticed a curse toe
 70926 | Crypt:3  | Killed a curse toe
 71102 | Crypt:3  | Identified the +0 tower shield "Fusyappo" {Str+3}
 71104 | Crypt:3  | Noticed an ancient lich
 71104 | Crypt:3  | Noticed an ancient lich
 71117 | Crypt:3  | Killed an ancient lich
 71135 | Crypt:3  | Killed an ancient lich
 71155 | Crypt:3  | Got the Tome of Blight and Pyromancy
 71157 | Crypt:3  | Got the Octavo of Beguiling
 71158 | Crypt:3  | Identified the ring of Renivini {rPois rN+}
 71389 | Crypt:3  | Found a staircase to the Tomb.
 72223 | Swamp:1  | Killed Grumblefizz's ghost
 72378 | Swamp:1  | Killed Iryalus's ghost
 72399 | Swamp:1  | Killed Voejil's ghost
 72817 | Snake:2  | Killed patfeehan111222's ghost
 72851 | Snake:2  | Learned a level 5 spell: Summon Mana Viper
 72859 | Snake:2  | Learned a level 7 spell: Summon Hydra
 72863 | Snake:2  | Learned a level 3 spell: Tukima's Dance
 74128 | Depths:1 | Found an ornate altar of the Wu Jian Council.
 76062 | Depths:2 | Reached XP level 23. HP: 136/185 MP: 26/38
 76229 | Depths:2 | Found a radiant altar of Vehumet.
 76430 | Depths:2 | You fall into a shaft and drop 1 floor!
 77162 | Depths:3 | Found a shimmering altar of Xom.
 77503 | Depths:3 | Noticed Grunn
 77786 | Depths:3 | Noticed Xtahua
 77819 | Depths:3 | Killed Xtahua
 78195 | Depths:3 | Killed Grunn
 78529 | Depths:3 | Noticed Mennas
 78980 | Depths:3 | Killed Mennas
 79193 | Depths:2 | Found a one-way gate leading to the halls of Pandemonium.
 79354 | Depths:2 | Identified the ring "Lishoffaso" {Wiz rPois Will+ Str+5
                  | Dex-5}
 80381 | Depths:2 | Noticed a golden dragon
 80398 | Depths:2 | Killed a golden dragon
 82074 | Depths:2 | Noticed a golden dragon
 82731 | Depths:2 | Killed a golden dragon
 83735 | Depths:4 | Entered Level 4 of the Depths
 84472 | Depths:4 | Reached XP level 24. HP: 191/195 MP: 33/39
 84818 | Depths:4 | Found a one-way gateway to a ziggurat.
 87500 | Depths:4 | Found a gate to the Realm of Zot.
 88104 | Hell     | Entered the Vestibule of Hell
 88104 | Hell     | Noticed Geryon
 88112 | Hell     | Noticed Murray
 88114 | Hell     | Killed Geryon
 88456 | Depths:4 | Killed Murray
 89157 | Hell     | Found a gateway to the freezing wastes of Cocytus.
 89657 | Hell     | Found a gateway to the ashen valley of Gehenna.
 90089 | Hell     | Found a gateway to the Iron City of Dis.
 90181 | Hell     | Found a gateway to the decaying netherworld of Tartarus.
 90487 | Hell     | Learned a level 5 spell: Yara's Violent Unravelling
 90965 | Snake:4  | Bought a scroll of fog for 48 gold pieces
 90965 | Snake:4  | Bought a scroll of fog for 48 gold pieces
 90965 | Snake:4  | Bought a scroll of amnesia for 48 gold pieces
 90965 | Snake:4  | Bought a scroll of vulnerability for 48 gold pieces
 90965 | Snake:4  | Bought a scroll of immolation for 48 gold pieces
 90965 | Snake:4  | Bought a scroll of amnesia for 48 gold pieces
 90978 | Snake:4  | Learned a level 1 spell: Magic Dart
 91241 | D:15     | Reached XP level 25. HP: 203/203 MP: 39/39
 91788 | Elf:3    | Entered Level 3 of the Elven Halls
 91900 | Elf:3    | Identified the +1 robe "Eguqaus" {+Blink rF+ Int+5 Dex-3}
 91933 | Elf:3    | Noticed Asterion
 91956 | Elf:3    | Killed Asterion
 92482 | Elf:3    | Identified the +1 flail "Dedd" {venom, rPois rCorr Int-5
                  | SInv}
 93735 | Elf:3    | Identified the staff of air "Pymoros" {rElec rF- Will+++
                  | Str+5 Dex-2}
 94861 | Elf:3    | Got the Catalogue of the Supportive Burn
 95288 | Elf:3    | Identified the +10 arbalest "Bocod" {penet, Str+3}
 95683 | Slime:1  | Entered Level 1 of the Pits of Slime
 95745 | Slime:1  | Reached XP level 26. HP: 176/211 MP: 26/39
 96492 | Slime:1  | Learned a level 5 spell: Summon Forest
 97524 | Slime:4  | Lost mutation: You possess an exceptional clarity of mind.
                  | [a shining eye]
 97529 | Slime:4  | Gained mutation: You occasionally lose the ability to read
                  | scrolls when taking damage. [a shining eye]
 97669 | Slime:5  | Entered Level 5 of the Pits of Slime
 98010 | Slime:4  | Gained mutation: You are frail. (-10% HP) [a shining eye]
 98909 | Slime:4  | Gained mutation: You sometimes lose your temper in combat.
                  | [a shining eye]
 99105 | Slime:5  | Noticed the Royal Jelly
100644 | Slime:4  | Reached skill level 15 in Conjurations
100644 | Slime:4  | Reached skill level 15 in Hexes
100644 | Slime:4  | Reached skill level 15 in Summonings
100644 | Slime:4  | Reached skill level 15 in Necromancy
100644 | Slime:4  | Reached skill level 15 in Translocations
100644 | Slime:4  | Reached skill level 15 in Transmutations
100644 | Slime:4  | Reached skill level 15 in Fire Magic
100644 | Slime:4  | Reached skill level 15 in Ice Magic
100644 | Slime:4  | Reached skill level 15 in Air Magic
100644 | Slime:4  | Reached skill level 15 in Earth Magic
100644 | Slime:4  | Reached skill level 15 in Poison Magic
101182 | Slime:5  | Gained mutation: You sometimes lose the ability to read
                  | scrolls when taking damage. [a shining eye]
102231 | Slime:5  | Killed the Royal Jelly
102359 | Slime:5  | Identified the staff of conjuration "Ibreik" {rC+ Int+4}
102412 | Slime:5  | Found the +8 trishula "Condemnation" {holy, anguish, *Noise
                  | Fly rN+}
102431 | Slime:5  | Got Hiesiz's Omnibus of the Zephyr
102441 | Slime:5  | Identified the ring of Ephemeral Luck {Str+4 Dex+6}
102479 | Slime:5  | Got a slimy rune of Zot
102515 | Slime:5  | Learned a level 6 spell: Eringya's Noxious Bog
102519 | Slime:5  | Learned a level 3 spell: Swiftness
102966 | D:9      | Lost mutation: You expend magic power (3 MP) to strengthen
                  | your wands. [potion of mutation]
102966 | D:9      | Lost mutation: Your magical capacity is low. (-10% MP)
                  | [potion of mutation]
102966 | D:9      | Gained mutation: Your muscles are strong. (Str +4, Int/Dex
                  | -1) [potion of mutation]
102966 | D:9      | Gained mutation: You passively map a small area around you.
                  | [potion of mutation]
102967 | D:9      | Lost mutation: You sometimes lose your temper in combat.
                  | [potion of mutation]
102967 | D:9      | Lost mutation: You passively map a small area around you.
                  | [potion of mutation]
102967 | D:9      | Lost mutation: You are frail. (-10% HP) [potion of
                  | mutation]
102967 | D:9      | Gained mutation: Your spells are a little easier to cast,
                  | but a little less powerful. [potion of mutation]
102967 | D:9      | Lost mutation: Your spells are a little easier to cast, but
                  | a little less powerful. [potion of mutation]
102967 | D:9      | Gained mutation: You are clumsy. (Dex -2) [potion of
                  | mutation]
102967 | D:9      | Gained mutation: Your muscles are very strong. (Str +8,
                  | Int/Dex -2) [potion of mutation]
102968 | D:9      | Lost mutation: You are clumsy. (Dex -2) [potion of
                  | mutation]
102968 | D:9      | Lost mutation: You sometimes lose the ability to read
                  | scrolls when taking damage. [potion of mutation]
102968 | D:9      | Lost mutation: You occasionally lose the ability to read
                  | scrolls when taking damage. [potion of mutation]
102968 | D:9      | Gained mutation: You passively map a small area around you.
                  | [potion of mutation]
103983 | D:11     | Bought a scroll of vulnerability for 40 gold pieces
104064 | Orc:2    | Bought a scroll of immolation for 96 gold pieces
104286 | Zig:1    | Entered Level 1 of a ziggurat
104320 | Zig:2    | Entered Level 2 of a ziggurat
104320 | Zig:2    | Found the +6 Majin-Bo {spellvamp, MP+6 Int+6}
104817 | Zig:3    | Entered Level 3 of a ziggurat
104817 | Zig:3    | Noticed an ancient lich
104839 | Zig:3    | Killed an ancient lich
105096 | Zig:4    | Entered Level 4 of a ziggurat
105478 | Zig:4    | Identified the +7 sling "Nadeptaf" {heavy, Will+}
105486 | Zig:5    | Entered Level 5 of a ziggurat
105672 | Zig:5    | Got Raosojai's Exposition on Friendly Charms
105675 | Zig:5    | Identified the +4 long sword of Lefu Socs {spect, rElec
                  | Str+2}
105676 | Zig:5    | Identified the staff of fire "Dumu" {Contam rPois rF+
                  | Will+++ Int-5}
105678 | Zig:6    | Entered Level 6 of a ziggurat
106148 | Zig:6    | Learned a level 5 spell: Freezing Cloud
106160 | Zig:7    | Entered Level 7 of a ziggurat
106163 | Zig:7    | Gained mutation: Potions are less effective at restoring
                  | your health. [a neqoxec]
106306 | Zig:7    | Reached XP level 27. HP: 216/219 MP: 44/44
106325 | Zig:8    | Entered Level 8 of a ziggurat
106373 | Zig:8    | Found the +3 pair of gauntlets of War {Slay+5}
106484 | Zig:8    | Identified the staff of conjuration "Deptyabb" {rF+ Str+2
                  | SInv}
106509 | Zig:9    | Entered Level 9 of a ziggurat
106513 | Zig:9    | Noticed Royposeq the pandemonium lord
106527 | Zig:9    | Killed Royposeq the pandemonium lord
106852 | Zig:9    | Identified the +6 scale mail of the Nine Friends {*Slow
                  | rC+++ Regen+ rCorr}
106863 | Zig:9    | Identified the staff of cold "Puamas" {rC+ SInv}
106873 | Zig:10   | Entered Level 10 of a ziggurat
106879 | Zig:10   | Noticed a royal mummy
106881 | Zig:10   | Noticed a royal mummy
107394 | Zot:1    | Entered Level 1 of the Realm of Zot
107800 | Zot:1    | Noticed Parghit
107808 | Zot:1    | Killed Parghit
113770 | Zot:3    | Identified the +12 bardiche "Fosow" {venom, *Rage rCorr
                  | Str+8 Dex+6}
116793 | Zot:5    | Entered Level 5 of the Realm of Zot
117372 | Zot:5    | Identified the +2 pair of boots of a bailey {rElec}
117583 | Zot:4    | Noticed an ancient lich
117587 | Zot:4    | Killed an ancient lich
119082 | Zot:5    | Noticed an ancient lich
119097 | Zot:5    | Killed an ancient lich
119145 | Zot:5    | Noticed a dread lich
119157 | Zot:5    | Killed a dread lich
119716 | Zot:5    | Noticed an orb of fire
119718 | Zot:5    | Gained mutation: You are frail. (-10% HP) [an orb of fire]
119721 | Zot:5    | Gained mutation: Your spells are a little easier to cast,
                  | but a little less powerful. [an orb of fire]
119822 | Zot:5    | Noticed a dread lich
119839 | Zot:5    | Killed a dread lich
119871 | Zot:5    | Noticed a dread lich
119874 | Zot:5    | Killed an orb of fire
119881 | Zot:5    | Killed a dread lich
120752 | Zot:5    | Gained mutation: You are vulnerable to heat. (rF-)
                  | [mutagenic glow]
120768 | Zot:5    | Gained mutation: You occasionally shout uncontrollably at
                  | your foes. [mutagenic glow]
121255 | Zot:5    | Noticed an orb of fire
121267 | Zot:5    | Lost mutation: You are frail. (-10% HP) [an orb of fire]
121270 | Zot:5    | Gained mutation: Your magical capacity is low. (-10% MP)
                  | [an orb of fire]
121280 | Zot:5    | Gained mutation: You are clumsy. (Dex -2) [an orb of fire]
121284 | Zot:5    | Gained mutation: You are very clumsy. (Dex -4) [an orb of
                  | fire]
121288 | Zot:5    | Killed an orb of fire
121738 | Zot:5    | Lost mutation: You are vulnerable to heat. (rF-) [potion of
                  | mutation]
121738 | Zot:5    | Lost mutation: Your muscles are very strong. (Str +8,
                  | Int/Dex -2) [potion of mutation]
121738 | Zot:5    | Gained mutation: You expend magic power (3 MP) to
                  | strengthen your wands. [potion of mutation]
121738 | Zot:5    | Lost mutation: Potions are less effective at restoring your
                  | health. [potion of mutation]
121738 | Zot:5    | Lost mutation: You passively map a small area around you.
                  | [potion of mutation]
123789 | Zot:5    | Got the Orb of Zot
123918 | Zot:3    | Noticed Zuojamm the pandemonium lord
123923 | Zot:3    | Killed Zuojamm the pandemonium lord
124387 | D:1      | Noticed Nuihi the pandemonium lord
124390 | D:1      | Killed Nuihi the pandemonium lord
124424 | D:$      | Escaped with the Orb!

Illustrated notes

Levels and vault maps discovered:
D:1:      lightli_arrival_flooded_house, layout_basic,
          ebering_ecumenical_altar_petrified
D:2:      layout_rooms, serial_shops, shop, nicolae_half_adder, uniq_natasha
D:3:      layout_basic
D:4:      layout_basic, nicolae_uskayaw_suspiria,
          nicolae_elyvilon_peaceful_grove, grunt_decor_one_mirror,
          serial_park_tiny_2
D:5:      layout_layer_cave, kennysheep_generic_room_4
D:6:      layout_basic, minmay_temple_entry_junction,
          chequers_serial_rivers_micro_b, nrook_loot_triangle, minivault_25
D:7:      layout_cave_pools, nrook_mini_backslash, uniq_pikel, uniq_maggie,
          uniq_duvessa, uniq_crazy_yiuf_cottage, uniq_prince_ribbit1
D:8:      layout_gridville, trog_three_pillars_becter,
          mainiacjoe_overflow_large_starburst, serial_shops,
          nicolae_shop_temple_entry_statues_fountains,
          minmay_misc_feat_enclosed, minmay_stone_trees_small
D:9:      layout_cave_pools, david_lair_generic
D:10:     layout_roguey, nicolae_overflow_two_pavilions,
          gammafunk_temple_overflow_pools
D:11:     layout_rooms, serial_curves, eino_curves_02, eino_curves_04,
          serial_shops, kennysheep_little_box, nicolae_trove_entry_free_sample
D:12:     layout_irregular_city, billiards_dpeg, uniq_rupert, uniq_erolcha
D:13:     layout_rooms, david_vaults_5, chequers_jeans, minmay_strange_pillars
D:14:     layout_rooms, solitary_fountain, uniq_kirke
D:15:     gammafunk_enter_depths_forms, layout_loops_ring, serial_shops, shop,
          nicolae_shop_fire_sale [nicolae_sub_dead_trees], minmay_between
Lair:1:   layout_cave_pods, minivault_23, serial_bayou_shore_a
Lair:2:   layout_hall_layers, worms_lemuel
Lair:3:   layout_regular_city, swamp_mist_pool,
          minmay_snake_entry_six_corridors, portal_ice_cave_entry_pillars_1,
          dreamdust_mushroom_princess, kennysheep_basilisk_garden
Lair:4:   layout_hall_layers, serial_bayou_shore_b
Lair:5:   evilmike_catoblepas_cave, layout_hall_layers, slime_entry_1
Swamp:1:  layout_basic_swamp, gammafunk_ghost_cemetery,
          hangedman_swamp_ruin_wall, swamp_pool5, infiniplex_staircase_pool
Swamp:2:  layout_falls_marsh, nicolae_swamp_oxbows
Swamp:3:  cheibrodos_swamp_tower_of_moss, layout_basic_swamp,
          evilmike_swamp_ruin_house_3, grunt_ruined_hall
Swamp:4:  swamp_icy, layout_basic_swamp, uniq_mlioglotl
Snake:1:  layout_gridlike, drop_trap
Snake:2:  gammafunk_sealed_arena, layout_basic, ebering_ghost_disaster_area
Snake:3:  cheibrodos_toxic_ritual, layout_basic, serial_shops,
          nicolae_shop_crystal, grunt_megastairs_5, lemuel_fruit_tree
Snake:4:  snake_pit, layout_cave_town, serial_shops, nicolae_shop_trees,
          nicolae_snake_yet_another_twisty_hallway
Slime:1:  layout_caves
Slime:2:  layout_caves
Slime:3:  layout_caves, cheibrodos_slime_lost_civilization_6
Slime:4:  layout_caves
Slime:5
Orc:1:    layout_caves, hangedman_minor_magic, uniq_fannar
Orc:2:    st_orc_town, layout_diamond_mine, nicolae_volcano_entry_two_sided,
          ebering_ghost_rock_garden, uniq_nessos
Elf:1:    minmay_elf_arrival_plus, layout_geoelf_octagon, minivault_28
Elf:2:    nicolae_elf_blades_splatter_lattice
          [nicolae_blade_entry_area_security], layout_loops_ring, serial_shops,
          shop, nicolae_square_shop, uniq_agnes, uniq_roxanne
Elf:3:    grunt_elf_hall_asides, layout_geoelf_diagonals, uniq_asterion
Vaults:1: nicolae_vaults_little_squares_2, hangedman_vaults_cutoff,
          ontoclasm_vaults_twist, nicolae_vaults_little_squares_6, v_misc_8,
          v_alt_pattern_6, v_alt_pattern_1, layout_vaults_omnigrid
Vaults:2: v_misc_13, vaults_room_pool, v_rooms_1, minmay_crypt_entry_necro_gods,
          grunt_vaults_swirl, ontoclasm_vaults_water_temple,
          hangedman_vaults_cutoff, serial_ice_m, v_misc_30,
          ontoclasm_vaults_misaligned, vaults_mumra_hexcomb,
          layout_vaults_omnibox, uniq_margery
Vaults:3: nicolae_vaults_mini_display_case, nicolae_vaults_ninety_degrees,
          v_alt_pattern_3, v_misc_18, nicolae_vaults_theta,
          nicolae_vaults_yaktaur_gun_rack, vaults_room_hallway,
          layout_vaults_chaotic_city, serial_shops, nicolae_lakefront_shop
Vaults:4: v_pattern_2, serial_ice_h, vaults_room_ringed_pool,
          nicolae_vaults_arrows, vaults_standard_mumra_lines,
          hangedman_vaults_corner, grunt_vaults_hallway_short,
          nicolae_vaults_little_squares_5, vaults_room_semicircle,
          hangedman_vaults_locks, vaults_dpeg_cross, hangedman_vaults_trim,
          layout_vaults_omnicross
Crypt:1:  evilmike_wizard_prison, layout_chaotic_city, grunt_ministairs_10,
          grunt_crypt_arrival_split, uniq_zenata
Crypt:2:  layout_basic, uniq_donald, uniq_josephina
Crypt:3:  david_glass_crypt, layout_chaotic_city, tomb_entry_shell_bobbens,
          infiniplex_enter_wizlab_water
Depths:1: layout_basic, hell_entry, hangedman_abyss_or_decor_passed,
          kennysheep_decorative_pillar, chequers_hall_statues_corner_a,
          minmay_misc_feat_cross, minmay_misc_feat_five, minmay_statues_item,
          minivault_16, nzn_wu_jian_contemplation
Depths:2: nzn_winding_woodlands_large [nzn_winding_woodlands_5x5_open_star,
          nzn_winding_woodlands_5x15_pool,
          nzn_winding_woodlands_5x5_checkerboard,
          nzn_winding_woodlands_center_diamonds,
          nzn_winding_woodlands_15x15_killbox,
          nzn_winding_woodlands_center_triple_pond,
          nzn_winding_woodlands_5x5_perimeter,
          nzn_winding_woodlands_5x15_river_crossing,
          nzn_winding_woodlands_5x5_cross], layout_gridlike,
          rand_demon_pan_entry_5, nicolae_vehumet_radiance,
          pf_hell_entry_tar_spiral
Depths:3: kennysheep_ambush_hall, layout_gridlike,
          ebering_dispersal_statue_hall, marbit_kobold_abyss_entry, hellmouth_1,
          xom_teletrap_fun, infiniplex_staircase_trident, uniq_mennas,
          uniq_xtahua, uniq_grunn
Depths:4: grunt_zot_entry_pinwheel, layout_basic, enter_ziggurat_b, hell_entry,
          serial_co_window_serial, co_window_paths_a, co_window_paths_b,
          co_window_corner_a, co_window_corner_a, co_window_paths_a,
          co_window_of_opportunity_a, co_window_paths_a, co_window_2corner,
          co_window_broadway_a, co_window_unsneaky_path_a,
          co_window_unsneaky_path_a, co_window_of_opportunity_b,
          glass_columns_b, glass_columns_c, glass_columns_b, glass_columns_a,
          glass_columns_c, minmay_misc_feat_doors
Hell
Zot:1:    layout_gridville, uniq_parghit
Zot:2:    layout_gridlike
Zot:3:    grunt_zot_stairs_faceoff, layout_basic, lemuel_flame_loot_1
Zot:4:    layout_twisted_circle, nzn_random_ring, lemuel_elevator
Zot:5:    layout_cathedral_of_symmetry, grunt_ministairs_5

Skill      XL: |  1  2  3  4  5  6  7  8  9 10 11 12 13 14 15 16 17 18 19 20 21 22 23 24 25 26 27 |
---------------+----------------------------------------------------------------------------------+-----
Invocations    | 1 2 3 4 5 6 7 8 10 11 12 13 14 15 16 17 18 19 21 | 21.2
Short Blades   | 1 2 3 4 5 6 7 8 9 10 11 12 13 14 15 16 17 19 | 19.6
Long Blades    | 1 2 3 4 5 6 7 8 9 10 11 12 13 14 15 16 17 19 | 19.6
Axes           | 1 2 3 4 5 6 7 8 9 10 11 12 13 14 15 16 17 19 | 19.6
Maces & Flails | 1 2 3 4 5 6 7 8 9 10 11 12 13 14 15 16 17 19 | 19.6
Polearms       | 1 2 3 4 5 6 7 8 9 10 11 12 13 14 15 16 17 19 | 19.6
Staves         | 1 2 3 4 5 6 7 8 9 10 11 12 13 14 15 16 17 18 21 | 21.6
Throwing       | 1 2 3 4 5 6 7 8 9 10 11 12 13 14 15 16 17 19 | 19.6
Armour         | 1 2 3 4 5 6 7 8 9 10 11 12 13 14 15 16 17 19 | 19.6
Shields        | 1 2 3 4 5 6 7 8 9 10 11 12 13 14 15 16 17 19 | 19.6
Unarmed Combat | 1 2 3 4 5 6 7 8 9 10 11 12 13 14 15 16 17 19 | 19.6
Spellcasting   | 1 2 3 4 5 6 7 8 9 10 11 12 13 14 15 16 17 19 | 19.6
Evocations     | 1 2 3 4 5 6 7 8 9 10 11 12 13 14 15 16 17 19 | 19.6
Conjurations   | 1 2 3 4 5 6 7 8 9 10 11 12 13 14 15 16 | 16.8
Hexes          | 1 2 3 4 5 6 7 8 9 10 11 12 13 14 15 16 | 16.8
Summonings     | 1 2 3 4 5 6 7 8 9 10 11 12 13 14 15 16 | 16.8
Necromancy     | 1 2 3 4 5 6 7 8 9 10 11 12 13 14 15 16 | 16.8
Translocations | 1 2 3 4 5 6 7 8 9 10 11 12 13 14 15 16 | 16.8
Transmutations | 1 2 3 4 5 6 7 8 9 10 11 12 13 14 15 16 | 16.8
Fire Magic     | 1 2 3 4 5 6 7 8 9 10 11 12 13 14 15 16 | 16.8
Ice Magic      | 1 2 3 4 5 6 7 8 9 10 11 12 13 14 15 16 | 16.8
Air Magic      | 1 2 3 4 5 6 7 8 9 10 11 12 13 14 15 16 | 16.8
Earth Magic    | 1 2 3 4 5 6 7 8 9 10 11 12 13 14 15 16 | 16.8
Poison Magic   | 1 2 3 4 5 6 7 8 9 10 11 12 13 14 15 16 | 16.8
Fighting       | 5 6 7 8 9 10 11 12 13 14 15 16 17 18 20 | 20.1
Dodging        | 5 6 7 8 9 10 11 12 13 14 15 16 17 18 20 | 20.1
Stealth        | 3 4 5 6 7 8 9 10 11 12 13 14 15 16 17 18 19 | 19.8
Ranged Weapons | 9 10 11 12 13 14 15 16 17 18 19 21 | 21.1

Action                     |  1- 3 |  4- 6 |  7- 9 | 10-12 | 13-15 | 16-18 | 19-21 | 22-24 | 25-27 || total
---------------------------+-------+-------+-------+-------+-------+-------+-------+-------+-------++-------
  Melee: Dagger            |       |       |     6 |       |       |       |       |       |       ||     6
         Long sword        |       |       |     5 |       |       |       |       |       |       ||     5
         Bite              |       |       |     3 |       |       |       |       |     2 |     6 ||    11
         Unarmed           |       |       |       |     1 |       |       |       |       |       ||     1
         Eudemon blade     |       |       |       |       |       |       |       |     8 |    31 ||    39
         Punch             |       |       |       |       |       |       |       |     3 |    10 ||    13
   Fire: Shortbow          |    58 |   162 |   304 |   589 |   468 |       |       |       |       ||  1581
         Longbow           |       |       |       |       |   625 |   957 |  1252 |  1019 |   381 ||  4234
         Arbalest          |       |       |       |       |       |       |    17 |       |  1083 ||  1100
  Throw: Throwing net      |       |       |       |     1 |       |       |       |       |       ||     1
         Dart              |       |       |       |       |     5 |       |       |       |       ||     5
   Cast: Passwall          |       |       |       |     3 |       |       |     1 |     2 |     6 ||    12
         Ozocubu's Armour  |       |       |       |     2 |    13 |     2 |       |       |       ||    17
         Ice Form          |       |       |       |     1 |       |       |       |       |       ||     1
         Summon Ice Beast  |       |       |       |       |    29 |    41 |     2 |       |       ||    72
         Frozen Ramparts   |       |       |       |       |     3 |     1 |       |       |       ||     4
         Mephitic Cloud    |       |       |       |       |    20 |    57 |    23 |     5 |     8 ||   113
         Summon Lightning  |       |       |       |       |    16 |    87 |    88 |    32 |    16 ||   239
         Ignite Poison     |       |       |       |       |       |    29 |    21 |     1 |       ||    51
         Summon Cactus Gia |       |       |       |       |       |       |    77 |    55 |    75 ||   207
         Lee's Rapid Decon |       |       |       |       |       |       |     6 |     3 |    30 ||    39
         Poisonous Vapours |       |       |       |       |       |       |    49 |     2 |       ||    51
         Blink             |       |       |       |       |       |       |     2 |       |    12 ||    14
         Summon Mana Viper |       |       |       |       |       |       |       |    68 |    36 ||   104
         Summon Hydra      |       |       |       |       |       |       |       |    68 |    68 ||   136
         Summon Forest     |       |       |       |       |       |       |       |       |    30 ||    30
         Freezing Cloud    |       |       |       |       |       |       |       |       |     5 ||     5
         Eringya's Noxious |       |       |       |       |       |       |       |       |     2 ||     2
 Invoke: Cleansing Flame   |       |       |       |       |    16 |    11 |    39 |    67 |    82 ||   215
         Summon Divine War |       |       |       |       |     1 |    22 |    13 |    23 |     4 ||    63
         Divine Shield     |       |       |       |       |     1 |       |       |       |       ||     1
         Brand Weapon With |       |       |       |       |       |     1 |       |       |       ||     1
Ability: End Transformatio |       |       |       |     1 |       |       |       |       |       ||     1
  Evoke: Wand              |       |       |     9 |    20 |    26 |     8 |    20 |    10 |    13 ||   106
         Phial of floods   |       |       |       |       |     3 |     6 |     5 |     5 |    12 ||    31
         Lightning rod     |       |       |       |       |       |    10 |    13 |    12 |    29 ||    64
         Tin of tremorston |       |       |       |       |       |       |       |    11 |    16 ||    27
         Box of beasts     |       |       |       |       |       |       |       |     2 |    16 ||    18
         Phantom mirror    |       |       |       |       |       |       |       |       |    14 ||    14
    Use: Scroll            |     1 |     8 |     8 |    14 |     6 |    12 |    19 |    20 |    23 ||   111
         Potion            |       |       |     2 |     7 |     5 |     6 |    11 |     5 |    21 ||    57
 Armour: Ring mail         |     8 |     4 |       |       |       |   222 |   287 |   126 |   256 ||   903
         Leather armour    |       |    23 |    76 |   136 |    81 |       |       |       |       ||   316
         Skin              |       |       |       |     3 |       |       |       |       |       ||     3
         Troll leather arm |       |       |       |       |    92 |       |       |       |       ||    92
         Scale mail        |       |       |       |       |     7 |    19 |       |   247 |       ||   273
         Fire dragon scale |       |       |       |       |       |       |       |       |   394 ||   394
  Dodge: Dodged            |    11 |    36 |   108 |   404 |   547 |   620 |   806 |   685 |  1207 ||  4424
  Block: Other             |       |       |       |       |     1 |       |       |       |       ||     1

Table legend: (Time is in decaauts)
 A = Elapsed time spent in this place.
 B = Non-inter-level travel time spent in this place.
 C = Inter-level travel time spent in this place.
 D = Time resting spent in this place.
 E = Time spent auto-exploring this place.
 F = Levels seen in this place.
 G = Mean time per level.
                   A        B        C        D        E       F      G
               +--------+--------+--------+--------+--------+-----+--------+
         Total | 124612 | 113857 |  10755 |  56264 |  36191 |  68 | 1832.5 |
       Dungeon |  27142 |  22581 |   4561 |  10068 |   7837 |  15 | 1809.5 |
          Lair |  10804 |   9400 |   1404 |   3544 |   4233 |   5 | 2160.8 |
         Swamp |   7449 |   6994 |    455 |   3348 |   2432 |   4 | 1862.2 |
     Snake Pit |   6458 |   5674 |    784 |   1330 |   3017 |   4 | 1614.5 |
    Slime Pits |   7185 |   7055 |    130 |   5028 |   1116 |   5 | 1437.0 |
  Orcish Mines |   2816 |   2195 |    621 |    465 |    956 |   2 | 1408.0 |
   Elven Halls |   7111 |   6710 |    401 |   3103 |   2205 |   3 | 2370.3 |
        Vaults |  13795 |  12893 |    902 |   6282 |   4389 |   4 | 3448.8 |
         Crypt |   5232 |   5083 |    149 |   2286 |   1787 |   3 | 1744.0 |
        Depths |  15956 |  15049 |    907 |   8389 |   4334 |   4 | 3989.0 |
          Hell |   1464 |   1442 |     22 |    837 |    312 |   1 | 1464.0 |
           Zot |  15831 |  15417 |    414 |   9459 |   3227 |   5 | 3166.2 |
         Abyss |    417 |    417 |      0 |      0 |    163 |   2 |  208.5 |
      Ziggurat |   2601 |   2601 |      0 |   2093 |      6 |  10 |  260.1 |
       Volcano |    347 |    347 |      0 |     25 |    175 |   1 |  347.0 |
               +--------+--------+--------+--------+--------+-----+--------+

Top non-repeatable levels by time:
   Zot:5: 7029 daAuts
Depths:2: 5641 daAuts
Depths:4: 5086 daAuts
Vaults:1: 4082 daAuts
     D:8: 4081 daAuts
Depths:3: 3977 daAuts
Vaults:4: 3840 daAuts
Vaults:2: 3624 daAuts
   Elf:3: 3599 daAuts
  Lair:2: 3576 daAuts
  Lair:5: 3481 daAuts
    D:15: 3031 daAuts
 Crypt:1: 2835 daAuts
 Slime:4: 2582 daAuts
    D:10: 2510 daAuts
